Workbook
Name ABS_pg1: #REF!
Name ABS_pg1: #REF!
Name ABS_pg2: #REF!
Name ABS_pg2: #REF!
Name Chargeoffs: #REF!
Name Chargeoffs: #REF!
Name Input_Key: #REF!
Name Input_Key: #REF!
Name Input_Key_pg2: #REF!
Name Input_Key_pg2: #REF!
Name Payment_Directions_pg1: #REF!
Name Payment_Directions_pg1: #REF!
Name Payment_Directions_pg2: #REF!
Name Payment_Directions_pg2: #REF!
Name QMR_pg1: #REF!
Name QMR_pg1: #REF!
Name QMR_pg2: #REF!
Name QMR_pg2: #REF!
Name QMR_pg3: #REF!
Name QMR_pg3: #REF!
Name QMR_pg4: #REF!
Name QMR_pg4: #REF!

Sheet Notes Balance
A1: TOTAL NOTE BALANCES
B2: Total Notes | C2: Class A Notes | D2: Class A2 Notes | E2: Class B Notes | F2: Class C Notes
A3: Initial Invested Amount | B3: =SUM(C3:G3) -> 492250000 | C3: 492250000 | D3: 0 | E3: 0 | F3: 0
A4: Invested Amount as at Previous Payment Date: 7 June 2024 | B4: =SUM(C4:G4) -> 492250000 | C4: 492250000 | D4: 0 | E4: 0 | F4: 0
A5: Stated Amount as at Previous Payment Date: 7 June 2024 | B5: =SUM(C5:G5) -> 492250000 | C5: 492250000 | D5: 0 | E5: 0 | F5: 0
A6: Principal Payments to Noteholders on Payment Date | B6: =SUM(C6:G6) -> 35835628 | C6: 35835628 | D6: 0 | E6: 0 | F6: 0
A7: Gross Aggregate Charge-Offs | B7: =SUM(C7:G7) -> 0 | C7: 0 | D7: 0 | E7: 0 | F7: 0
A8: Gross Aggregate Reinstatements of charge-offs | B8: =SUM(C8:G8) -> 0 | C8: 0 | D8: 0 | E8: 0 | F8: 0
A9: Aggregate Charge-Offs for this Collection Period | B9: =SUM(C9:G9) -> 0 | C9: 0 | D9: 0 | E9: 0 | F9: 0
A10: Reinstatements relating to Charge-offs that have occurred this Collection Period | B10: =SUM(C10:G10) -> 0 | C10: 0 | D10: 0 | E10: 0 | F10: 0
A11: Aggregate Carry Over Charge-offs not previously reinstated | B11: =SUM(C11:G11) -> 0 | C11: 0 | D11: 0 | E11: 0 | F11: 0
A12: Reinstatements of Carry Over Charge-offs not previously reinstated | B12: =SUM(C12:G12) -> 0 | C12: 0 | D12: 0 | E12: 0 | F12: 0
A13: Aggregate Charge-Offs not reinstated and to be carried over to next period | B13: =SUM(C13:G13) -> 0 | C13: 0 | D13: 0 | E13: 0 | F13: 0
A14: Invested Amount as at Payment Date: 16 August 2024 | B14: =SUM(C14:G14) -> 4.5641437e+08 | C14: 4.5641437e+08 | D14: 0 | E14: 0 | F14: 0
A15: Stated Amount as at Payment Date: 16 August 2024 | B15: =SUM(C15:G15) -> 4.5641437e+08 | C15: 4.5641437e+08 | D15: 0 | E15: 0 | F15: 0
A16: Bond Factor at Payment Date: 16 August 2024 | C16: 0.92720035 | D16: 0 | E16: 0 | F16: 0
A17: Coupon Margin | C17: 0.0125 | D17: 0 | E17: 0 | F17: 0
A18: Coupon Rate (3 month BBSW + margin) | C18: 0.055665 | D18: 0.043165 | E18: 0.043165 | F18: 0.043165
A19: Days in Coupon Period | C19: 70 | D19: 70 | E19: 70 | F19: 70
A20: Coupon Entitlement to be paid out on the current Payment Date: 16 August 2024 | C20: 5255004.8 | D20: 0 | E20: 0 | F20: 0
A23: TOTAL NOTE BALANCES
B24: Total Notes | C24: Class A Notes | D24: Class A2 Notes | E24: Class B Notes | F24: Class C Notes
A25: Initial Invested Amount | B25: =SUM(C25:G25) -> 492250000 | C25: 492250000 | D25: 0 | E25: 0 | F25: 0
A26: Invested Amount as at Previous Payment Date: 16 August 2024 | B26: =SUM(C26:G26) -> 4.5641437e+08 | C26: 4.5641437e+08 | D26: 0 | E26: 0 | F26: 0
A27: Stated Amount as at Previous Payment Date: 16 August 2024 | B27: =SUM(C27:G27) -> 4.5641437e+08 | C27: 4.5641437e+08 | D27: 0 | E27: 0 | F27: 0
A28: Principal Payments to Noteholders on Payment Date | B28: =SUM(C28:G28) -> 29925032 | C28: 29925032 | D28: 0 | E28: 0 | F28: 0
A29: Gross Aggregate Charge-Offs | B29: =SUM(C29:G29) -> 0 | C29: 0 | D29: 0 | E29: 0 | F29: 0
A30: Gross Aggregate Reinstatements of charge-offs | B30: =SUM(C30:G30) -> 0 | C30: 0 | D30: 0 | E30: 0 | F30: 0
A31: Aggregate Charge-Offs for this Collection Period | B31: =SUM(C31:G31) -> 0 | C31: 0 | D31: 0 | E31: 0 | F31: 0
A32: Reinstatements relating to Charge-offs that have occurred this Collection Period | B32: =SUM(C32:G32) -> 0 | C32: 0 | D32: 0 | E32: 0 | F32: 0
A33: Aggregate Carry Over Charge-offs not previously reinstated | B33: =SUM(C33:G33) -> 0 | C33: 0 | D33: 0 | E33: 0 | F33: 0
A34: Reinstatements of Carry Over Charge-offs not previously reinstated | B34: =SUM(C34:G34) -> 0 | C34: 0 | D34: 0 | E34: 0 | F34: 0
A35: Aggregate Charge-Offs not reinstated and to be carried over to next period | B35: =SUM(C35:G35) -> 0 | C35: 0 | D35: 0 | E35: 0 | F35: 0
A36: Invested Amount as at Payment Date: 18 November 2024 | B36: =SUM(C36:G36) -> 4.2648934e+08 | C36: 4.2648934e+08 | D36: 0 | E36: 0 | F36: 0
A37: Stated Amount as at Payment Date: 18 November 2024 | B37: =SUM(C37:G37) -> 4.2648934e+08 | C37: 4.2648934e+08 | D37: 0 | E37: 0 | F37: 0
A38: Bond Factor at Payment Date: 18 November 2024 | C38: 0.866408 | D38: 0 | E38: 0 | F38: 0
A39: Coupon Margin | C39: 0.0125 | D39: 0 | E39: 0 | F39: 0
A40: Coupon Rate (3 month BBSW + margin) | C40: 0.056172 | D40: 0.043672 | E40: 0.043672 | F40: 0.043672
A41: Days in Coupon Period | C41: 94 | D41: 94 | E41: 94 | F41: 94
A42: Coupon Entitlement to be paid out on the current Payment Date: 18 November 2024 | C42: 6602587.8 | D42: 0 | E42: 0 | F42: 0
A45: TOTAL NOTE BALANCES
B46: Total Notes | C46: Class A Notes | D46: Class A2 Notes | E46: Class B Notes | F46: Class C Notes
A47: Initial Invested Amount | B47: =SUM(C47:G47) -> 492250000 | C47: 492250000 | D47: 0 | E47: 0 | F47: 0
A48: Invested Amount as at Previous Payment Date: 18 November 2024 | B48: =SUM(C48:G48) -> 4.2648934e+08 | C48: 4.2648934e+08 | D48: 0 | E48: 0 | F48: 0
A49: Stated Amount as at Previous Payment Date: 18 November 2024 | B49: =SUM(C49:G49) -> 4.2648934e+08 | C49: 4.2648934e+08 | D49: 0 | E49: 0 | F49: 0
A50: Principal Payments to Noteholders on Payment Date | B50: =SUM(C50:G50) -> 33098141 | C50: 33098141 | D50: 0 | E50: 0 | F50: 0
A51: Gross Aggregate Charge-Offs | B51: =SUM(C51:G51) -> 0 | C51: 0 | D51: 0 | E51: 0 | F51: 0
A52: Gross Aggregate Reinstatements of charge-offs | B52: =SUM(C52:G52) -> 0 | C52: 0 | D52: 0 | E52: 0 | F52: 0
A53: Aggregate Charge-Offs for this Collection Period | B53: =SUM(C53:G53) -> 0 | C53: 0 | D53: 0 | E53: 0 | F53: 0
A54: Reinstatements relating to Charge-offs that have occurred this Collection Period | B54: =SUM(C54:G54) -> 0 | C54: 0 | D54: 0 | E54: 0 | F54: 0
A55: Aggregate Carry Over Charge-offs not previously reinstated | B55: =SUM(C55:G55) -> 0 | C55: 0 | D55: 0 | E55: 0 | F55: 0
A56: Reinstatements of Carry Over Charge-offs not previously reinstated | B56: =SUM(C56:G56) -> 0 | C56: 0 | D56: 0 | E56: 0 | F56: 0
A57: Aggregate Charge-Offs not reinstated and to be carried over to next period | B57: =SUM(C57:G57) -> 0 | C57: 0 | D57: 0 | E57: 0 | F57: 0
A58: Invested Amount as at Payment Date: 17 February 2025 | B58: =SUM(C58:G58) -> 3.933912e+08 | C58: 3.933912e+08 | D58: 0 | E58: 0 | F58: 0
A59: Stated Amount as at Payment Date: 17 February 2025 | B59: =SUM(C59:G59) -> 3.933912e+08 | C59: 3.933912e+08 | D59: 0 | E59: 0 | F59: 0
A60: Bond Factor at Payment Date: 17 February 2025 | C60: 0.79916953 | D60: 0 | E60: 0 | F60: 0
A61: Coupon Margin | C61: 0.0125 | D61: 0 | E61: 0 | F61: 0
A62: Coupon Rate (3 month BBSW + margin) | C62: 0.056763 | D62: 0.044263 | E62: 0.044263 | F62: 0.044263
A63: Days in Coupon Period | C63: 91 | D63: 91 | E63: 91 | F63: 91
A64: Coupon Entitlement to be paid out on the current Payment Date: 17 February 2025 | C64: 6035622.2 | D64: 0 | E64: 0 | F64: 0
A67: TOTAL NOTE BALANCES
B68: Total Notes | C68: Class A Notes | D68: Class A2 Notes | E68: Class B Notes | F68: Class C Notes
A69: Initial Invested Amount | B69: =SUM(C69:G69) -> 492250000 | C69: 492250000 | D69: 0 | E69: 0 | F69: 0
A70: Invested Amount as at Previous Payment Date: 17 February 2025 | B70: =SUM(C70:G70) -> 3.933912e+08 | C70: 3.933912e+08 | D70: 0 | E70: 0 | F70: 0
A71: Stated Amount as at Previous Payment Date: 17 February 2025 | B71: =SUM(C71:G71) -> 3.933912e+08 | C71: 3.933912e+08 | D71: 0 | E71: 0 | F71: 0
A72: Principal Payments to Noteholders on Payment Date | B72: =SUM(C72:G72) -> 80611404 | C72: 80611404 | D72: 0 | E72: 0 | F72: 0
A73: Gross Aggregate Charge-Offs | B73: =SUM(C73:G73) -> 0 | C73: 0 | D73: 0 | E73: 0 | F73: 0
A74: Gross Aggregate Reinstatements of charge-offs | B74: =SUM(C74:G74) -> 0 | C74: 0 | D74: 0 | E74: 0 | F74: 0
A75: Aggregate Charge-Offs for this Collection Period | B75: =SUM(C75:G75) -> 0 | C75: 0 | D75: 0 | E75: 0 | F75: 0
A76: Reinstatements relating to Charge-offs that have occurred this Collection Period | B76: =SUM(C76:G76) -> 0 | C76: 0 | D76: 0 | E76: 0 | F76: 0
A77: Aggregate Carry Over Charge-offs not previously reinstated | B77: =SUM(C77:G77) -> 0 | C77: 0 | D77: 0 | E77: 0 | F77: 0
A78: Reinstatements of Carry Over Charge-offs not previously reinstated | B78: =SUM(C78:G78) -> 0 | C78: 0 | D78: 0 | E78: 0 | F78: 0
A79: Aggregate Charge-Offs not reinstated and to be carried over to next period | B79: =SUM(C79:G79) -> 0 | C79: 0 | D79: 0 | E79: 0 | F79: 0
A80: Invested Amount as at Payment Date: 16 May 2025 | B80: =SUM(C80:G80) -> 3.127798e+08 | C80: 3.127798e+08 | D80: 0 | E80: 0 | F80: 0
A81: Stated Amount as at Payment Date: 16 May 2025 | B81: =SUM(C81:G81) -> 3.127798e+08 | C81: 3.127798e+08 | D81: 0 | E81: 0 | F81: 0
A82: Bond Factor at Payment Date: 16 May 2025 | C82: 0.63540842 | D82: 0 | E82: 0 | F82: 0
A83: Coupon Margin | C83: 0.0125 | D83: 0 | E83: 0 | F83: 0
A84: Coupon Rate (3 month BBSW + margin) | C84: 0.05424 | D84: 0.04174 | E84: 0.04174 | F84: 0.04174
A85: Days in Coupon Period | C85: 88 | D85: 88 | E85: 88 | F85: 88
A86: Coupon Entitlement to be paid out on the current Payment Date: 16 May 2025 | C86: 5144392.9 | D86: 0 | E86: 0 | F86: 0
A89: TOTAL NOTE BALANCES
B90: Total Notes | C90: Class A Notes | D90: Class A2 Notes | E90: Class B Notes | F90: Class C Notes
A91: Initial Invested Amount | B91: =SUM(C91:G91) -> 492250000 | C91: 492250000 | D91: 0 | E91: 0 | F91: 0
A92: Invested Amount as at Previous Payment Date: 16 May 2025 | B92: =SUM(C92:G92) -> 3.127798e+08 | C92: 3.127798e+08 | D92: 0 | E92: 0 | F92: 0
A93: Stated Amount as at Previous Payment Date: 16 May 2025 | B93: =SUM(C93:G93) -> 3.127798e+08 | C93: 3.127798e+08 | D93: 0 | E93: 0 | F93: 0
A94: Principal Payments to Noteholders on Payment Date | B94: =SUM(C94:G94) -> 35361358 | C94: 35361358 | D94: 0 | E94: 0 | F94: 0
A95: Gross Aggregate Charge-Offs | B95: =SUM(C95:G95) -> 0 | C95: 0 | D95: 0 | E95: 0 | F95: 0
A96: Gross Aggregate Reinstatements of charge-offs | B96: =SUM(C96:G96) -> 0 | C96: 0 | D96: 0 | E96: 0 | F96: 0
A97: Aggregate Charge-Offs for this Collection Period | B97: =SUM(C97:G97) -> 0 | C97: 0 | D97: 0 | E97: 0 | F97: 0
A98: Reinstatements relating to Charge-offs that have occurred this Collection Period | B98: =SUM(C98:G98) -> 0 | C98: 0 | D98: 0 | E98: 0 | F98: 0
A99: Aggregate Carry Over Charge-offs not previously reinstated | B99: =SUM(C99:G99) -> 0 | C99: 0 | D99: 0 | E99: 0 | F99: 0
A100: Reinstatements of Carry Over Charge-offs not previously reinstated | B100: =SUM(C100:G100) -> 0 | C100: 0 | D100: 0 | E100: 0 | F100: 0
A101: Aggregate Charge-Offs not reinstated and to be carried over to next period | B101: =SUM(C101:G101) -> 0 | C101: 0 | D101: 0 | E101: 0 | F101: 0
A102: Invested Amount as at Payment Date: 18 August 2025 | B102: =SUM(C102:G102) -> 2.7741844e+08 | C102: 2.7741844e+08 | D102: 0 | E102: 0 | F102: 0
A103: Stated Amount as at Payment Date: 18 August 2025 | B103: =SUM(C103:G103) -> 2.7741844e+08 | C103: 2.7741844e+08 | D103: 0 | E103: 0 | F103: 0
A104: Bond Factor at Payment Date: 18 August 2025 | C104: 0.56357224 | D104: 0 | E104: 0 | F104: 0
A105: Coupon Margin | C105: 0.0125 | D105: 0 | E105: 0 | F105: 0
A106: Coupon Rate (3 month BBSW + margin) | C106: 0.050472 | D106: 0.037972 | E106: 0.037972 | F106: 0.037972
A107: Days in Coupon Period | C107: 94 | D107: 94 | E107: 94 | F107: 94
A108: Coupon Entitlement to be paid out on the current Payment Date: 18 August 2025 | C108: 4065595.8 | D108: 0 | E108: 0 | F108: 0
...

Sheet Cumulative Defaults
A1: Cumulative Defaults & Losses
A3: Month | B3: Gross Losses | C3: Recoveries | D3: Net Losses
A4: 45504 | B4: =+'Collateral Tables'!AK9/550000000 -> 0 | C4: =+'Collateral Tables'!AK23/540000000 -> 0 | D4: =+B4-C4 -> 0
A5: 45596 | B5: =+B4+'Collateral Tables'!AG$9/'Collateral Tables'!AK$6 -> 0.00074571312 | C5: =+C4+'Collateral Tables'!AG$23/'Collateral Tables'!AK$6 -> 0 | D5: =+B5-C5 -> 0.00074571312
A6: 45688 | B6: =+B5+'Collateral Tables'!AC$9/'Collateral Tables'!AK$6 -> 0.00074571312 | C6: =+C5+'Collateral Tables'!AC$23/'Collateral Tables'!AK$6 -> 0.00011662369 | D6: =+B6-C6 -> 0.00062908943
A7: 45777 | B7: =+B6+'Collateral Tables'!Y$9/'Collateral Tables'!AK$6 -> 0.00074571312 | C7: =+C6+'Collateral Tables'!Y$23/'Collateral Tables'!AK$6 -> 0.00076275549 | D7: =+B7-C7 -> -1.7042364e-05
A8: 45869 | B8: =+B7+'Collateral Tables'!U9/'Collateral Tables'!AK$6 -> 0.00082694618 | C8: =+C7+'Collateral Tables'!U23/'Collateral Tables'!AK$6 -> 0.00076275549 | D8: =+B8-C8 -> 6.4190692e-05
A9: 45961 | B9: =+B8+'Collateral Tables'!Q$9/'Collateral Tables'!AK$6 -> 0.00097521346 | C9: =+C8+'Collateral Tables'!Q$23/'Collateral Tables'!AK$6 -> 0.00077046507 | D9: =+B9-C9 -> 0.00020474839
A10: 46053 | B10: =+B9+'Collateral Tables'!M$9/'Collateral Tables'!AK$6 -> 0.00097521346 | C10: =+C9+'Collateral Tables'!M$23/'Collateral Tables'!AK$6 -> 0.00091028166 | D10: =+B10-C10 -> 6.4931801e-05
A11: 46142 | B11: =+B10+'Collateral Tables'!I$9/'Collateral Tables'!AK$6 -> 0.0012797313 | C11: =+C10+'Collateral Tables'!I$23/'Collateral Tables'!AK$6 -> 0.0010707429 | D11: =+B11-C11 -> 0.00020898837
A12: 46234 | B12: =+B11+'Collateral Tables'!E$9/'Collateral Tables'!AK$6 -> 0.0012797313 | C12: =+C11+'Collateral Tables'!E$23/'Collateral Tables'!AK$6 -> 0.0012235875 | D12: =+B12-C12 -> 5.6143801e-05

Sheet Collateral Tables
B1: CNHI CAPITAL AUSTRALIA RECEIVABLES TRUST SERIES 2024-1 (TERM DEAL)
B2: COLLATERAL DATA TABLES
B4: OUTSTANDING RECEIVABLES | E4: 46234 | I4: 46142 | M4: 46053 | Q4: 45961 | U4: 45869 | Y4: 45777 | AC4: 45688 | AG4: 45596 | AK4: 45504
B6: Opening Balance | E6: 2.0271554e+08 | I6: 2.7327934e+08 | M6: 3.0521845e+08 | Q6: 3.3471362e+08 | U6: 3.7011965e+08 | Y6: 4.5073106e+08 | AC6: 4.838292e+08 | AG6: 5.1416437e+08 | AK6: 5.4999999e+08
B7: Principal Repayments - Scheduled | E7: 27081110 | I7: 66398164 | M7: 27479381 | Q7: 22119377 | U7: 31263165 | Y7: 72320987 | AC7: 29009256 | AG7: 23829534 | AK7: 31195990
B8: Principal Repayments - Unscheduled | E8: 1578742.6 | I8: 3998157.4 | M8: 4459721.1 | Q8: 7294245.7 | U8: 4098193.6 | Y8: 8290417.1 | AC8: 4088885.3 | AG8: 6095498.3 | AK8: 4639626.4
A9: =SUM(E9:AK9) -> 703852.19 | B9: Charge-Offs | E9: 0 | I9: 167484.8 | M9: 0 | Q9: 81547 | U9: 44678.18 | Y9: 0 | AC9: 0 | AG9: 410142.21 | AK9: 0
B10: Reinstatements
B11: New Receivables Purchased
B12: Non Cash Change in Receivables
B13: Closing Balance | E13: 1.7405569e+08 | G13: 6.2584877e-07 | I13: 2.0271554e+08 | K13: 6.2584877e-07 | M13: 2.7327934e+08 | O13: 8.9406967e-07 | Q13: 3.0521845e+08 | S13: 8.3446503e-07 | U13: 3.3471362e+08 | W13: 8.3446503e-07 | Y13: 3.7011965e+08 | AA13: 6.5565109e-07 | AC13: 4.5073106e+08 | AE13: 1.013279e-06 | AG13: 4.838292e+08 | AI13: 5.364418e-07 | AK13: 5.1416437e+08
B15: PORTFOLIO STATISTICS
B17: Summary
B18: Number of contracts | E18: 1957 | I18: 2219 | M18: 2427 | Q18: 2541 | U18: 2650 | Y18: 2707 | AC18: 2784 | AG18: 2815 | AK18: 2855
B19: Dollar value of contracts | E19: 1.7405569e+08 | I19: 2.0271554e+08 | M19: 2.7327934e+08 | Q19: 3.0521845e+08 | U19: 3.3471362e+08 | Y19: 3.7011965e+08 | AC19: 4.5073106e+08 | AG19: 4.838292e+08 | AK19: 5.1416437e+08
B20: Number of contracts closed during the Quarter | E20: 262 | I20: 207 | M20: 114 | Q20: 107 | U20: 56 | Y20: 77 | AC20: 31 | AG20: 38 | AK20: 31
B21: Dollar value of contracts closed during the Quarter | E21: 8646555.7 | I21: 16249539 | M21: 7421579.3 | Q21: 12002222 | U21: 8640227.2 | Y21: 13769187 | AC21: 5024718.5 | AG21: 9699773.9 | AK21: 5938251.5
A23: =SUM(E23:AK23) -> 672973.1 | B23: Dollar Value of Recoveries from Collateral | E23: 84064.51 | I23: 88253.69 | M23: 76899.12 | Q23: 4240.27 | U23: 0 | Y23: 355372.48 | AC23: 64143.03 | AG23: 0 | AK23: 0
A24: =SUM(E24:AK24) -> 0 | B24: Dollar Value of Recoveries from Other Sources | E24: 0 | I24: 0 | M24: 0 | Q24: 0 | U24: 0 | Y24: 0 | AC24: 0 | AG24: 0 | AK24: 0
B26: Average Term of Contracts (Months) | E26: 55.445633 | I26: 55.031232 | M26: 53.859817 | Q26: 53.530282 | U26: 53.320423 | Y26: 53.128966 | AC26: 52.589394 | AG26: 52.4019 | AK26: 52.110885
B27: Average Term to Maturity (Months) | E27: 15.643146 | I27: 18.150391 | M27: 19.759671 | Q27: 22.471054 | U27: 25.078291 | Y27: 27.861969 | AC27: 30.209109 | AG27: 33.043625 | AK27: 35.70266
B28: Average Residual / Balloon Payment * | E28: 0.039982608 | I28: 0.038601002 | M28: 0.033959375 | Q28: 0.033729003 | U28: 0.035604456 | Y28: 0.035634236 | AC28: 0.03302866 | AG28: 0.032449573 | AK28: 0.032549296
B29: Average Seasoning (Months) | E29: 39.802488 | I29: 36.880841 | M29: 34.100146 | Q29: 31.059228 | U29: 28.242133 | Y29: 25.266997 | AC29: 22.380285 | AG29: 19.358275 | AK29: 16.408225
B30: Average Dollar Value of Individual Assets | E30: 88940.054 | I30: 91354.456 | M30: 112599.65 | Q30: 120117.45 | U30: 126307.03 | Y30: 136726.88 | AC30: 161900.52 | AG30: 171875.38 | AK30: 180092.6
B31: Weighted Average Interest Rate | E31: 0.037260129 | I31: 0.03673751 | M31: 0.036354368 | Q31: 0.036061459 | U31: 0.035853957 | Y31: 0.035670129 | AC31: 0.035418526 | AG31: 0.035244528 | AK31: 0.035238095
B33: Payment in Arrears
A34: 1. 0 - 30 Days | B34: 0 - 30 Days | E34: 1950 | F34: 117891.56 | G34: 0.00067732094 | I34: 2212 | J34: 561048.98 | K34: 0.0027676664 | M34: 2422 | N34: 130868.42 | O34: 0.00047888149 | Q34: 2535 | R34: 222909.28 | S34: 0.00073032702 | U34: 2629 | V34: 368746.28 | W34: 0.001101677 | Y34: 2696 | Z34: 770957.3 | AA34: 0.0020829948 | AC34: 2774 | AD34: 475796.58 | AE34: 0.0010556108 | AG34: 2812 | AH34: 90752.41 | AI34: 0.00018757117 | AK34: 2851 | AL34: 133092.5 | AM34: 0.00025885205
A35: 2. 31 - 60 Days | B35: 31 - 60 Days | E35: 3 | F35: 131411.89 | G35: 0.00075499912 | I35: 1 | J35: 5432.44 | K35: 2.679834e-05 | M35: 2 | N35: 34113.77 | O35: 0.00012483113 | Q35: 3 | R35: 28683.64 | S35: 9.3977413e-05 | U35: 10 | V35: 349812.44 | W35: 0.0010451097 | Y35: 8 | Z35: 73125.18 | AA35: 0.00019757173 | AC35: 8 | AD35: 146174.21 | AE35: 0.00032430472 | AG35: 3 | AH35: 35352.45 | AI35: 7.3068038e-05 | AK35: 1 | AL35: 3218.29 | AM35: 6.2592629e-06
A36: 3. 61 - 90 Days | B36: 61 - 90 Days | E36: 2 | F36: 11529.93 | G36: 6.6242766e-05 | I36: 6 | J36: 141211.2 | K36: 0.00069659781 | M36: 1 | N36: 2578.53 | O36: 9.43551e-06 | Q36: 2 | R36: 10319.39 | S36: 3.380985e-05 | U36: 4 | V36: 106434.12 | W36: 0.00031798563 | Y36: 2 | Z36: 132039.27 | AA36: 0.00035674752 | AC36: 0 | AD36: 0 | AE36: 0 | AG36: 0 | AH36: 0 | AI36: 0 | AK36: 0 | AL36: 0 | AM36: 0
A37: 4. 91 - 120 Days | B37: 91 - 120 Days | E37: 1 | F37: 86204.28 | G37: 0.00049526839 | I37: 0 | J37: 0 | K37: 0 | M37: 1 | N37: 46500 | O37: 0.00017015556 | Q37: 1 | R37: 155.11 | S37: 5.081934e-07 | U37: 2 | V37: 18033.98 | W37: 5.3878836e-05 | Y37: 1 | Z37: 23186.54 | AA37: 6.2646065e-05 | AC37: 1 | AD37: 2452.22 | AE37: 5.4405392e-06 | AG37: 0 | AH37: 0 | AI37: 0 | AK37: 3 | AL37: 74438.33 | AM37: 0.00014477536
A38: 5. 121 - 150 Days | B38: 121 - 150 Days | E38: 0 | F38: 0 | G38: 0 | I38: 0 | J38: 0 | K38: 0 | M38: 1 | N38: 10189.89 | O38: 3.728745e-05 | Q38: 0 | R38: 0 | S38: 0 | U38: 3 | V38: 38627.94 | W38: 0.00011540594 | Y38: 0 | Z38: 0 | AA38: 0 | AC38: 1 | AD38: 12294.94 | AE38: 2.7277774e-05 | AG38: 0 | AH38: 0 | AI38: 0 | AK38: 0 | AL38: 0 | AM38: 0
A39: 6. 151 - 180 Days | B39: 151 - 180 Days | E39: 1 | F39: 55079.32 | G39: 0.00031644654 | I39: 0 | J39: 0 | K39: 0 | M39: 0 | N39: 0 | O39: 0 | Q39: 0 | R39: 0 | S39: 0 | U39: 2 | V39: 67226.35 | W39: 0.00020084737 | Y39: 0 | Z39: 0 | AA39: 0 | AC39: 0 | AD39: 0 | AE39: 0 | AG39: 0 | AH39: 0 | AI39: 0 | AK39: 0 | AL39: 0 | AM39: 0
B40: Total | E40: 1957 | F40: 402116.98 | G40: 0.0023102778 | I40: 2219 | J40: 707692.62 | K40: 0.0034910625 | M40: 2427 | N40: 224250.61 | O40: 0.00082059114 | Q40: 2541 | R40: 262067.42 | S40: 0.00085862248 | U40: 2650 | V40: 948881.11 | W40: 0.0028349044 | Y40: 2707 | Z40: 999308.29 | AA40: 0.0026999601 | AC40: 2784 | AD40: 636717.95 | AE40: 0.0014126339 | AG40: 2815 | AH40: 126104.86 | AI40: 0.00026063921 | AK40: 2855 | AL40: 210749.12 | AM40: 0.00040988667
B41: * Expressed as a % of Aggreg. Rec. closing bal. | F41: > 30 days | G41: 0.0016329568 | J41: > 30 days | K41: 0.00072339615 | N41: > 30 days | O41: 0.00034170965 | R41: > 30 days | S41: 0.00012829546 | V41: > 30 days | W41: 0.0017332275 | Z41: > 30 days | AA41: 0.00061696532 | AD41: > 30 days | AE41: 0.00035702304 | AH41: > 30 days | AI41: 7.3068038e-05 | AL41: > 30 days | AM41: 0.00015103462
A43: 0 - 30 Days | B43: Account Balances in Arrears
A44: 1. 0 - 30 Days | B44: 0 - 30 Days | E44: 1950 | F44: 1.729292e+08 | G44: 0.99352803 | I44: 2212 | J44: 2.0201615e+08 | K44: 0.99654993 | M44: 2422 | N44: 2.7279521e+08 | O44: 0.99822844 | Q44: 2535 | R44: 3.0459101e+08 | S44: 0.99794432 | U44: 2629 | V44: 3.3194001e+08 | W44: 0.9917135 | Y44: 2696 | Z44: 3.6878561e+08 | AA44: 0.99639563 | AC44: 2774 | AD44: 4.49522e+08 | AE44: 0.99731757 | AG44: 2812 | AH44: 4.8366549e+08 | AI44: 0.99966164 | AK44: 2851 | AL44: 5.1367048e+08 | AM44: 0.99903943
A45: 2. 31 - 60 Days | B45: 31 - 60 Days | E45: 3 | F45: 538968.91 | G45: 0.0030965315 | I45: 1 | J45: 108761.05 | K45: 0.00053652054 | M45: 2 | N45: 116265.05 | O45: 0.00042544397 | Q45: 3 | R45: 401454.01 | S45: 0.0013153006 | U45: 10 | V45: 1572024.6 | W45: 0.0046966257 | Y45: 8 | Z45: 802352.45 | AA45: 0.0021678191 | AC45: 8 | AD45: 1107887.5 | AE45: 0.0024579791 | AG45: 3 | AH45: 163708.82 | AI45: 0.00033836077 | AK45: 1 | AL45: 47827.9 | AM45: 9.3020642e-05
A46: 3. 61 - 90 Days | B46: 61 - 90 Days | E46: 2 | F46: 70869.2 | G46: 0.00040716395 | I46: 6 | J46: 590622.16 | K46: 0.0029135515 | M46: 1 | N46: 79716.51 | O46: 0.00029170339 | Q46: 2 | R46: 140726.08 | S46: 0.00046106676 | U46: 4 | V46: 506952.87 | W46: 0.0015145869 | Y46: 2 | Z46: 487016.36 | AA46: 0.0013158349 | AC46: 0 | AD46: 0 | AE46: 0 | AG46: 0 | AH46: 0 | AI46: 0 | AK46: 0 | AL46: 0 | AM46: 0
A47: 4. 91 - 120 Days | B47: 91 - 120 Days | E47: 1 | F47: 229282.1 | G47: 0.0013172916 | I47: 0 | J47: 0 | K47: 0 | M47: 1 | N47: 167484.8 | O47: 0.00061287032 | Q47: 1 | R47: 85252.76 | S47: 0.00027931719 | U47: 2 | V47: 69716.04 | W47: 0.00020828564 | Y47: 1 | Z47: 44678.18 | AA47: 0.0001207128 | AC47: 1 | AD47: 42056.51 | AE47: 9.3307327e-05 | AG47: 0 | AH47: 0 | AI47: 0 | AK47: 3 | AL47: 446064.45 | AM47: 0.00086755224
A48: 5. 121 - 150 Days | B48: 121 - 150 Days | E48: 0 | F48: 0 | G48: 0 | I48: 0 | J48: 0 | K48: 0 | M48: 1 | N48: 120664.13 | O48: 0.00044154135 | Q48: 0 | R48: 0 | S48: 0 | U48: 3 | V48: 171303.79 | W48: 0.00051179212 | Y48: 0 | Z48: 0 | AA48: 0 | AC48: 1 | AD48: 59109.39 | AE48: 0.00013114115 | AG48: 0 | AH48: 0 | AI48: 0 | AK48: 0 | AL48: 0 | AM48: 0
A49: 6. 151 - 180 Days | B49: 151 - 180 Days | E49: 1 | F49: 287362.58 | G49: 0.0016509807 | I49: 0 | J49: 0 | K49: 0 | M49: 0 | N49: 0 | O49: 0 | Q49: 0 | R49: 0 | S49: 0 | U49: 2 | V49: 453607.01 | W49: 0.0013552093 | Y49: 0 | Z49: 0 | AA49: 0 | AC49: 0 | AD49: 0 | AE49: 0 | AG49: 0 | AH49: 0 | AI49: 0 | AK49: 0 | AL49: 0 | AM49: 0
B50: Total | E50: 1957 | F50: 1.7405569e+08 | G50: 1 | I50: 2219 | J50: 2.0271554e+08 | K50: 1 | M50: 2427 | N50: 2.7327934e+08 | O50: 1 | Q50: 2541 | R50: 3.0521845e+08 | S50: 1 | U50: 2650 | V50: 3.3471362e+08 | W50: 1 | Y50: 2707 | Z50: 3.7011965e+08 | AA50: 1 | AC50: 2784 | AD50: 4.5073106e+08 | AE50: 1 | AG50: 2815 | AH50: 4.838292e+08 | AI50: 1 | AK50: 2855 | AL50: 5.1416437e+08 | AM50: 1
A51: NSW | F51: > 30 days | G51: 0.0064719678 | J51: > 30 days | K51: 0.003450072 | N51: > 30 days | O51: 0.001771559 | R51: > 30 days | S51: 0.0020556846 | V51: > 30 days | W51: 0.0082864997 | Z51: > 30 days | AA51: 0.0036043668 | AD51: > 30 days | AE51: 0.0026824276 | AH51: > 30 days | AI51: 0.00033836077 | AL51: > 30 days | AM51: 0.00096057288
F52: > 60 days | G52: 0.0033754363 | J52: > 60 days | K52: 0.0029135515 | N52: > 60 days | O52: 0.0013461151 | R52: > 60 days | S52: 0.00074038395 | V52: > 60 days | W52: 0.003589874 | Z52: > 60 days | AA52: 0.0014365477 | AD52: > 60 days | AE52: 0.00022444848 | AH52: > 60 days | AI52: 0 | AL52: > 60 days | AM52: 0.00086755224
F53: >90 days | G53: 0.0029682724 | J53: >90 days | K53: 0 | N53: >90 days | O53: 0.0010544117 | R53: >90 days | S53: 0.00027931719 | V53: >90 days | W53: 0.0020752871 | Z53: >90 days | AA53: 0.0001207128 | AD53: >90 days | AE53: 0.00022444848 | AH53: >90 days | AI53: 0 | AL53: >90 days | AM53: 0.00086755224
A55: VIC | B55: Geographic Distribution
A56: NSW | B56: New South Wales | E56: 0.33341728 | F56: 58033173 | I56: 0.33940897 | J56: 68803471 | M56: 0.31433112 | N56: 85900202 | Q56: 0.31802326 | R56: 97066565 | U56: 0.32804997 | V56: 1.0980279e+08 | Y56: 0.33243592 | Z56: 1.2304107e+08 | AC56: 0.31284341 | AD56: 1.4100824e+08 | AG56: 0.31408914 | AH56: 1.519655e+08 | AK56: 0.31945155 | AL56: 1.6425061e+08
A57: VIC | B57: Victoria | E57: 0.17108327 | F57: 29778017 | I57: 0.17911007 | J57: 36308394 | M57: 0.17211337 | N57: 47035029 | Q57: 0.16919436 | R57: 51641238 | U57: 0.16707998 | V57: 55923945 | Y57: 0.17004083 | Z57: 62935453 | AC57: 0.16947195 | AD57: 76386272 | AG57: 0.16636657 | AH57: 80493002 | AK57: 0.1659354 | AL57: 85318071
A58: QLD | B58: Queensland | E58: 0.11116536 | F58: 19348963 | I58: 0.11768383 | J58: 23856341 | M58: 0.10216748 | N58: 27920263 | Q58: 0.10813143 | R58: 33003707 | U58: 0.11471261 | V58: 38395873 | Y58: 0.11441375 | Z58: 42346778 | AC58: 0.10514076 | AD58: 47390207 | AG58: 0.11070636 | AH58: 53562968 | AK58: 0.11317346 | AL58: 58189761
A59: SA | B59: South Australia | E59: 0.14455955 | F59: 25161412 | I59: 0.14270582 | J59: 28928687 | M59: 0.14356329 | N59: 39232881 | Q59: 0.14009463 | R59: 42759466 | U59: 0.1383163 | V59: 46296348 | Y59: 0.14483487 | Z59: 53606232 | AC59: 0.14617901 | AD59: 65887420 | AG59: 0.14429816 | AH59: 69815661 | AK59: 0.14218606 | AL59: 73107005
A60: NT | B60: Northern Territory | E60: 0 | F60: 0 | I60: 0 | J60: 0 | M60: 0 | N60: 0 | Q60: 0 | R60: 0 | U60: 0 | V60: 0 | Y60: 0 | Z60: 0 | AC60: 0 | AD60: 0 | AG60: 0 | AH60: 0 | AK60: 0 | AL60: 0
A61: ACT | B61: Australian Capital Territory | E61: 0 | F61: 0 | I61: 2.2114487e-05 | J61: 4482.9501 | M61: 3.274298e-05 | N61: 8947.9801 | Q61: 4.3887387e-05 | R61: 13395.24 | U61: 5.3254213e-05 | V61: 17824.91 | Y61: 6.0080949e-05 | Z61: 22237.14 | AC61: 5.9086388e-05 | AD61: 26632.07 | AG61: 6.4092618e-05 | AH61: 31009.88 | AK61: 6.879267e-05 | AL61: 35370.74
A62: TAS | B62: Tasmania | E62: 0.0087386995 | F62: 1521020.3 | I62: 0.0097820602 | J62: 1982975.6 | M62: 0.0095275542 | N62: 2603683.8 | Q62: 0.010260523 | R62: 3131700.8 | U62: 0.010762594 | V62: 3602386.7 | Y62: 0.011258366 | Z62: 4166942.4 | AC62: 0.010141691 | AD62: 4571175.1 | AG62: 0.010414115 | AH62: 5038653.1 | AK62: 0.010872846 | AL62: 5590429.8
A63: WA | B63: Western Australia | E63: 0.23103583 | F63: 40213101 | I63: 0.21128715 | J63: 42831187 | M63: 0.25826444 | N63: 70578338 | Q63: 0.25425191 | R63: 77602374 | U63: 0.2410253 | V63: 80674448 | Y63: 0.22695618 | Z63: 84000944 | AC63: 0.25616409 | AD63: 1.1546111e+08 | AG63: 0.25406157 | AH63: 1.2292241e+08 | AK63: 0.24831189 | AL63: 1.2767313e+08
B64: Total | E64: 1 | F64: 1.7405569e+08 | I64: 1 | J64: 2.0271554e+08 | M64: 1 | N64: 2.7327934e+08 | Q64: 1 | R64: 3.0521845e+08 | U64: 1 | V64: 3.3471362e+08 | Y64: 1 | Z64: 3.7011965e+08 | AC64: 1 | AD64: 4.5073106e+08 | AG64: 1 | AH64: 4.838292e+08 | AK64: 1 | AL64: 5.1416437e+08
A65: AG | G65: 6.2584877e-07 | K65: 6.2584877e-07 | O65: 8.9406967e-07 | S65: 8.3446503e-07 | W65: 8.3446503e-07 | AA65: 6.5565109e-07 | AE65: 1.013279e-06 | AI65: 5.364418e-07 | AM65: 0
A66: CE | B66: Top Industry Distribution
A67: AGRICULTURAL MACHINERY | B67: Agricultural | E67: 0.98670227 | F67: 1.7174114e+08 | I67: 0.98533029 | J67: 1.9974176e+08 | M67: 0.98692546 | N67: 2.6970634e+08 | Q67: 0.98609272 | R67: 3.0097369e+08 | U67: 0.98530179 | V67: 3.2979393e+08 | Y67: 0.98471312 | Z67: 3.6446168e+08 | AC67: 0.98588967 | AD67: 4.4437109e+08 | AG67: 0.98497662 | AH67: 4.7656045e+08 | AK67: 0.98446262 | AL67: 5.061756e+08
A68: CONSTRUCTION EQUIPMENT | B68: Construction | E68: 0.013297731 | F68: 2314545.7 | I68: 0.01466971 | J68: 2973778.1 | M68: 0.013074535 | N68: 3573000.5 | Q68: 0.013907284 | R68: 4244759.6 | U68: 0.014698207 | V68: 4919689.9 | Y68: 0.01528688 | Z68: 5657974.8 | AC68: 0.014110326 | AD68: 6359962.2 | AG68: 0.015023384 | AH68: 7268752 | AK68: 0.01553738 | AL68: 7988767
A69: MOTOR VEHICLE - AG | B69: Motor Vehicle AG | E69: 0 | F69: 0 | I69: 0 | J69: 0 | M69: 0 | N69: 0 | Q69: 0 | R69: 0 | U69: 0 | V69: 0 | Y69: 0 | Z69: 0 | AC69: 0 | AD69: 0 | AG69: 0 | AH69: 0 | AK69: 0 | AL69: 0
B70: Total | E70: 1 | F70: 1.7405569e+08 | G70: 0 | I70: 1 | J70: 2.0271554e+08 | K70: 0 | M70: 1 | N70: 2.7327934e+08 | O70: 0 | Q70: 1 | R70: 3.0521845e+08 | S70: 0 | U70: 1 | V70: 3.3471362e+08 | W70: 4.7683716e-07 | Y70: 1 | Z70: 3.7011965e+08 | AA70: 1.7881393e-06 | AC70: 1 | AD70: 4.5073106e+08 | AE70: 0 | AG70: 1 | AH70: 4.838292e+08 | AI70: -6.5565109e-07 | AK70: 1 | AL70: 5.1416437e+08 | AM70: 1.1920929e-06
A71: COMBINE
A72: 40-100 HP TRACTOR | B72: Collateral Types
A73: 100<140 HP TRACTOR | B73: 100<140 HP TRACTOR | E73: 0.06658973 | F73: 11590321 | I73: 0.071630484 | J73: 14520612 | M73: 0.065712771 | N73: 17957943 | Q73: 0.069416325 | R73: 21187143 | U73: 0.073719439 | V73: 24674900 | Y73: 0.076951561 | Z73: 28481285 | AC73: 0.071939165 | AD73: 32425216 | AG73: 0.074034461 | AH73: 35820034 | AK73: 0.075803605 | AL73: 38975513
A74: 4 EWD TRACTORS | B74: 4 EWD TRACTORS | E74: 0.054280345 | F74: 9447802.7 | I74: 0.05126975 | J74: 10393175 | M74: 0.05551142 | N74: 15170125 | Q74: 0.056924098 | R74: 17374285 | U74: 0.055851428 | V74: 18694234 | Y74: 0.05528129 | Z74: 20460692 | AC74: 0.056448865 | AD74: 25443256 | AG74: 0.058144373 | AH74: 28131945 | AK74: 0.060249802 | AL74: 30978302
A75: 40<60 HP TRACTOR | B75: 40<60 HP TRACTOR | E75: 0.0026348226 | F75: 458605.86 | I75: 0.0036245122 | J75: 734744.94 | M75: 0.0040869151 | N75: 1116869.5 | Q75: 0.0042367813 | R75: 1293143.8 | U75: 0.0044934349 | V75: 1504013.9 | Y75: 0.0047481907 | Z75: 1757398.7 | AC75: 0.0046895059 | AD75: 2113706 | AG75: 0.0050307974 | AH75: 2434046.7 | AK75: 0.0052441551 | AL75: 2696357.7
A76: 4WD Vehicle | B76: 4WD Vehicle | E76: 0.063471301 | F76: 11047541 | I76: 0.058712936 | J76: 11902024 | M76: 0.054640073 | N76: 14932003 | Q76: 0.05485492 | R76: 16742733 | U76: 0.051878561 | V76: 17364461 | Y76: 0.049137599 | Z76: 18186791 | AC76: 0.049308043 | AD76: 22224667 | AG76: 0.04995053 | AH76: 24167525 | AK76: 0.049325548 | AL76: 25361439
A77: 60<100 HP TRACTOR | B77: 60<100 HP TRACTOR | E77: 0.029108249 | F77: 5066456.2 | I77: 0.033476659 | J77: 6786238.8 | M77: 0.030750903 | N77: 8403586.7 | Q77: 0.032786809 | R77: 10007139 | U77: 0.035497813 | V77: 11881601 | Y77: 0.03742968 | Z77: 13853460 | AC77: 0.03462282 | AD77: 15605580 | AG77: 0.035784087 | AH77: 17313386 | AK77: 0.036818676 | AL77: 18930852
A78: BACKHOE | B78: BACKHOE | E78: 0.00061024545 | F78: 106216.69 | I78: 0.000556328 | J78: 112776.33 | M78: 0.00043642801 | N78: 119266.76 | Q78: 0.00041179919 | R78: 125688.71 | U78: 0.00048901647 | V78: 163680.47 | Y78: 0.00045922344 | Z78: 169967.62 | AC78: 0.00039089483 | AD78: 176188.44 | AG78: 0.00052602842 | AH78: 254507.91 | AK78: 0.00058074115 | AL78: 298596.41
A79: BALERS, WINDROWERS, MOWERS, RAKES | B79: BALERS, WINDROWERS, MOWERS, RAKES | E79: 0.027281457 | F79: 4748492.8 | I79: 0.028006678 | J79: 5677388.7 | M79: 0.026796922 | N79: 7323045.2 | Q79: 0.029044867 | R79: 8865029.3 | U79: 0.030193854 | V79: 10106294 | Y79: 0.031409817 | Z79: 11625390 | AC79: 0.030609479 | AD79: 13796643 | AG79: 0.031170855 | AH79: 15081370 | AK79: 0.031258513 | AL79: 16072014
A80: COMBINES | B80: COMBINES | E80: 0.32930825 | F80: 57317973 | I80: 0.32189344 | J80: 65252802 | M80: 0.35272832 | N80: 96393364 | Q80: 0.34610975 | R80: 1.0563908e+08 | U80: 0.34448377 | V80: 1.1530341e+08 | Y80: 0.33767606 | Z80: 1.2498054e+08 | AC80: 0.35391316 | AD80: 1.5951965e+08 | AG80: 0.3459067 | AH80: 1.6735976e+08 | AK80: 0.3456695 | AL80: 1.7773094e+08
A81: COMPACT TRACK LOADER | B81: COMPACT TRACK LOADER | E81: 0.0023664744 | F81: 411898.33 | I81: 0.0027409102 | J81: 555625.08 | M81: 0.0024670592 | N81: 674196.33 | Q81: 0.002930686 | R81: 894499.44 | U81: 0.0030870892 | V81: 1033290.8 | Y81: 0.0032253005 | Z81: 1193747.1 | AC81: 0.0031573583 | AD81: 1423119.4 | AG81: 0.0034117456 | AH81: 1650702.2 | AK81: 0.0034945793 | AL81: 1796788.2
A82: COMPACT WHEEL LOADER | B82: COMPACT WHEEL LOADER | E82: 0.00010158008 | F82: 17680.59 | I82: 0.00010848463 | J82: 21991.52 | M82: 0.00017775562 | N82: 48576.94 | Q82: 0.0001850017 | R82: 56465.93 | U82: 0.00019209571 | V82: 64297.05 | Y82: 0.00019472295 | Z82: 72070.79 | AC82: 0.00017434807 | AD82: 78584.09 | AG82: 0.00018074153 | AH82: 87448.03 | AK82: 0.00018254742 | AL82: 93859.38
A83: COTTON PICKERS | B83: CRAWLER EXCAVATOR | E83: 0.0028240774 | F83: 491546.73 | I83: 0.0031751908 | J83: 643660.51 | M83: 0.0026722629 | N83: 730274.26 | Q83: 0.0026599975 | R83: 811880.3 | U83: 0.0026659713 | V83: 892336.89 | Y83: 0.0028085131 | Z83: 1039485.9 | AC83: 0.002471825 | AD83: 1114128.3 | AG83: 0.0024694754 | AH83: 1194804.3 | AK83: 0.0024649109 | AL83: 1267369.4
A84: CRAWLER EXCAVATOR | B84: CRAWLER DOZER | E84: 0.00061818549 | F84: 107598.7 | I84: 0.00064850456 | J84: 131461.95 | M84: 0.00056708904 | N84: 154973.72 | Q84: 0.0005836449 | R84: 178139.19 | U84: 0.0006004042 | V84: 200963.46 | Y84: 0.0006037279 | Z84: 223451.56 | AC84: 0.00054491131 | AD84: 245608.45 | AG84: 0.00055275498 | AH84: 267439 | AK84: 0.00056197595 | AL84: 288948.01
... A93: GRADER | B93: MATERIALS HANDLING EQUIPMENT | E93: 0.00048164971 | F93: 83833.87 | I93: 0.00042445765 | J93: 86044.16 | M93: 0.00043864054 | N93: 119871.4 | Q93: 0.00039971808 | R93: 122001.33 | U93: 0.00037074136 | V93: 124092.18 | Y93: 0.0003408213 | Z93: 126144.66 | AC93: 0.00054775984 | AD93: 246892.37 | AG93: 0.00051437621 | AH93: 248870.23 | AK93: 0.00048780471 | AL93: 250811.8
A94: HARVESTERS - Other | B94: MIDI CRAWLER EXCAVATOR | E94: 0 | I94: 0 | M94: 0 | Q94: 0 | U94: 0 | Y94: 0 | AC94: 7.6998688e-06 | AD94: 3470.57 | AG94: 0.00020703833 | AH94: 100171.19 | AK94: 0.00020856772 | AL94: 107238.09
A95: IRRIGATION EQUIPMENT | B95: MINI EXCAVATOR | E95: 0.00029083778 | F95: 50621.97 | I95: 0.00036158521 | J95: 73298.94 | M95: 0.00035015559 | N95: 95690.29 | Q95: 0.00038591069 | R95: 117787.06 | U95: 0.00041707697 | V95: 139601.34 | Y95: 0.00048970115 | Z95: 181248.02 | AC95: 0.00045755806 | AD95: 206235.63 | AG95: 0.0004772651 | AH95: 230914.79 | AK95: 0.00062448884 | AL95: 321089.91
A96: MATERIALS HANDLING EQUIPMENT | B96: Other - Medium | E96: 0.00030244074 | F96: 52641.53 | I96: 0.00060433734 | J96: 122508.57 | M96: 0.00075548575 | N96: 206458.65 | Q96: 0.00087860542 | R96: 268166.58 | U96: 0.0010356187 | V96: 346635.67 | Y96: 0.0011080569 | Z96: 410113.62 | AC96: 0.0010876876 | AD96: 490254.6 | AG96: 0.0011429268 | AH96: 552981.38 | AK96: 0.0012224385 | AL96: 628534.31
A97: MIDI CRAWLER EXCAVATOR | B97: OTHER AG | E97: 0.0015986835 | F97: 278259.95 | I97: 0.0014222173 | J97: 288305.54 | M97: 0.0013683181 | N97: 373933.08 | Q97: 0.001402131 | R97: 427956.26 | U97: 0.0015053469 | V97: 503860.09 | Y97: 0.001386668 | Z97: 513233.09 | AC97: 0.0013147744 | AD97: 592609.66 | AG97: 0.00133551 | AH97: 646158.75 | AK97: 0.0012740226 | AL97: 655057.04
A98: MINI EXCAVATOR | B98: OVER 140 HP TRACTOR | E98: 0.20475258 | F98: 35638350 | I98: 0.20331061 | J98: 41214219 | M98: 0.18787584 | N98: 51342587 | Q98: 0.18934864 | R98: 57792697 | U98: 0.18753783 | V98: 62771464 | Y98: 0.19218429 | Z98: 71131182 | AC98: 0.18345958 | AD98: 82690930 | AG98: 0.18643249 | AH98: 90201483 | AK98: 0.18599125 | AL98: 95630072
A99: OTHER AG | B99: SKID STEER LOADER | E99: 0.0024184218 | F99: 420940.07 | I99: 0.0026914433 | J99: 545597.38 | M99: 0.0024389219 | N99: 666506.97 | Q99: 0.0026411191 | R99: 806118.28 | U99: 0.002902885 | V99: 971635.12 | Y99: 0.0031393891 | Z99: 1161949.6 | AC99: 0.0028901584 | AD99: 1302684.2 | AG99: 0.0030953637 | AH99: 1497627.4 | AK99: 0.0031954448 | AL99: 1642983.9
A100: OTHER CE | B100: SPRAYING EQUIPMENT | E100: 0.092057636 | F100: 16023155 | I100: 0.092333973 | J100: 18717531 | M100: 0.087529093 | N100: 23919893 | Q100: 0.083010784 | R100: 25336423 | U100: 0.080022481 | V100: 26784614 | Y100: 0.079251542 | Z100: 29332553 | AC100: 0.080642614 | AD100: 36348131 | AG100: 0.080391692 | AH100: 38895848 | AK100: 0.077727567 | AL100: 39964746
A101: OVER 140 HP TRACTOR | B101: Sugar Cane Harvesters | E101: 0.0048968973 | F101: 852332.82 | I101: 0.0058170668 | J101: 1179209.8 | M101: 0.0044333267 | N101: 1211536.6 | Q101: 0.0068462531 | R101: 2089602.7 | U101: 0.008263279 | V101: 2765832 | Y101: 0.00754192 | Z101: 2791412.8 | AC101: 0.0063110462 | AD101: 2844584.5 | AG101: 0.0065435467 | AH101: 3165959 | AK101: 0.0067186046 | AL101: 3454467.1
A102: QUAD BIKES | B102: Telehandlers | E102: 0.0077650565 | F102: 1351552.2 | I102: 0.0080412181 | J102: 1630079.9 | M102: 0.0082129408 | N102: 2244427.1 | Q102: 0.0087340898 | R102: 2665805.3 | U102: 0.0085738054 | V102: 2869769.4 | Y102: 0.0087565896 | Z102: 3240985.9 | AC102: 0.0088801028 | AD102: 4002538.1 | AG102: 0.0091279366 | AH102: 4416362.2 | AK102: 0.0090918528 | AL102: 4674706.8
A103: ROLLER | B103: TRAILER - on Farm | E103: 0.00051933316 | F103: 90392.89 | I103: 0.00050304269 | J103: 101974.57 | M103: 0.00041490757 | N103: 113385.67 | Q103: 0.00040832627 | R103: 124628.71 | U103: 0.00040543959 | V103: 135706.15 | Y103: 0.0003961433 | Z103: 146620.42 | AC103: 0.00034915264 | AD103: 157373.94 | AG103: 0.00034716607 | AH103: 167969.08 | AK103: 0.00034698664 | AL103: 178408.17
A104: SCRAPERS | B104: Trailers | E104: 0.0074353802 | F104: 1294170.2 | I104: 0.0071805838 | J104: 1455615.9 | M104: 0.0059056462 | N104: 1613891.1 | Q104: 0.0057960405 | R104: 1769058.5 | U104: 0.0057397712 | V104: 1921179.6 | Y104: 0.0068529508 | Z104: 2536411.8 | AC104: 0.0059517077 | AD104: 2682619.5 | AG104: 0.0058408173 | AH104: 2825958 | AK104: 0.0057695242 | AL104: 2966483.8
A105: SKID STEER LOADER | B105: TRUCK - on Farm | E105: 0.00035415304 | F105: 61642.35 | I105: 0.00040842646 | J105: 82794.39 | M105: 0.00037912679 | N105: 103607.52 | Q105: 0.00040655226 | R105: 124087.25 | U105: 0.00076934638 | V105: 257510.71 | Y105: 0.00077906209 | Z105: 288346.19 | AC105: 0.00069900639 | AD105: 315063.89 | AG105: 0.00071285818 | AH105: 344901.6 | AK105: 0.00072784236 | AL105: 374230.61
A106: SKIDSTEER / UNILOADER | B106: UNDER 40 HP TRACTORS | E106: 0.00053752613 | F106: 93559.48 | I106: 0.00066970619 | J106: 135759.85 | M106: 0.00050610898 | N106: 138309.13 | Q106: 0.00046142214 | R106: 140834.55 | U106: 0.00042823567 | V106: 143336.31 | Y106: 0.00049689156 | Z106: 183909.33 | AC106: 0.00041347151 | AD106: 186364.45 | AG106: 0.00039021326 | AH106: 188796.57 | AK106: 0.00037187705 | AL106: 191205.93
A107: Soundproof Generators | B107: WHEEL LOADERS | E107: 0.0026772945 | F107: 465998.33 | I107: 0.0027998881 | J107: 567580.83 | M107: 0.0027115983 | N107: 741023.81 | Q107: 0.0027530877 | R107: 840293.15 | U107: 0.0028036815 | V107: 938430.37 | Y107: 0.0028129294 | Z107: 1041120.5 | AC107: 0.0026915541 | AD107: 1213167 | AG107: 0.0027206175 | AH107: 1316314.2 | AK107: 0.0027584344 | AL107: 1418288.7
A108: SPRAYING EQUIPMENT | B108: Total | E108: 1 | F108: 1.7405569e+08 | G108: 0 | I108: 1 | J108: 2.0271554e+08 | K108: 0 | M108: 1 | N108: 2.7327934e+08 | O108: -5.364418e-07 | Q108: 1 | R108: 3.0521845e+08 | S108: 0 | U108: 1 | V108: 3.3471362e+08 | W108: -5.9604645e-07 | Y108: 1 | Z108: 3.7011965e+08 | AA108: -1.5497208e-06 | AC108: 1 | AD108: 4.5073106e+08 | AE108: 0 | AG108: 1 | AH108: 4.838292e+08 | AI108: 8.3446503e-07 | AK108: 1 | AL108: 5.1416437e+08 | AM108: -4.7683716e-07
A109: Sugar Cane Harvesters
A110: Telehandlers | B110: Contract Balance Distribution
A111: TRAILER - on Farm | B111: $ 0 - $25,000 | E111: 0.038642687 | F111: 6725979.4 | I111: 0.037893969 | J111: 7681696.3 | M111: 0.027349246 | N111: 7473983.9 | Q111: 0.022338713 | R111: 6818187.4 | U111: 0.018538512 | V111: 6205092.3 | Y111: 0.012276597 | Z111: 4543809.7 | AC111: 0.0051386156 | AD111: 2316133.6 | AG111: 0.0017268757 | AH111: 835512.9 | AK111: 0
A112: TRUCK - on Farm | B112: $ 25,001 to $50,000 | E112: 0.087310812 | F112: 15196943 | I112: 0.083031453 | J112: 16831766 | M112: 0.06374854 | N112: 17421159 | Q112: 0.063448026 | R112: 19365508 | U112: 0.061112147 | V112: 20455068 | Y112: 0.058693404 | Z112: 21723582 | AC112: 0.046829145 | AD112: 21107350 | AG112: 0.042586508 | AH112: 20604596 | AK112: 0.037495503 | AL112: 19278852
A113: UNDER 40 HP TRACTORS | B113: $ 50,001 to $75,000 | E113: 0.10555834 | F113: 18373029 | I113: 0.096691558 | J113: 19600881 | M113: 0.075218775 | N113: 20555738 | Q113: 0.072025147 | R113: 21983403 | U113: 0.068150681 | V113: 22810961 | Y113: 0.06586072 | Z113: 24376347 | AC113: 0.052984999 | AD113: 23881985 | AG113: 0.052736877 | AH113: 25515641 | AK113: 0.051223754 | AL113: 26337429
A114: WHEEL LOADERS | B114: $ 75,001 to $100,000 | E114: 0.097046443 | F114: 16891485 | I114: 0.094958909 | J114: 19249646 | M114: 0.073140219 | N114: 19987711 | Q114: 0.070614787 | R114: 21552936 | U114: 0.07422393 | V114: 24843760 | Y114: 0.074877243 | Z114: 27713539 | AC114: 0.063406614 | AD114: 28579330 | AG114: 0.056093104 | AH114: 27139482 | AK114: 0.055766118 | AL114: 28672951
A115: WHEEL LOADERS (OLD) | B115: $100,001 to $125,000 | E115: 0.092706002 | F115: 16136007 | I115: 0.084783128 | J115: 17186857 | M115: 0.067789786 | N115: 18525548 | Q115: 0.067495602 | R115: 20600903 | U115: 0.06560217 | V115: 21957940 | Y115: 0.060481106 | Z115: 22385246 | AC115: 0.053820998 | AD115: 24258795 | AG115: 0.055444346 | AH115: 26825593 | AK115: 0.058980371 | AL115: 30325605
B116: $125,001 to $150,000 | E116: 0.08319943 | F116: 14481334 | I116: 0.069371978 | J116: 14062778 | M116: 0.055211943 | N116: 15088284 | Q116: 0.052971963 | R116: 16168020 | U116: 0.05288298 | V116: 17700654 | Y116: 0.053302501 | Z116: 19728303 | AC116: 0.051796854 | AD116: 23346451 | AG116: 0.054721964 | AH116: 26476084 | AK116: 0.056461205 | AL116: 29030340
A117: $ 0 - $25,000 | B117: $150,000 to $200,000 | E117: 0.14235298 | F117: 24777345 | I117: 0.13919565 | J117: 28217121 | M117: 0.12231178 | N117: 33425282 | Q117: 0.1098821 | R117: 33538044 | U117: 0.10917047 | V117: 36540843 | Y117: 0.10658048 | Z117: 39447532 | AC117: 0.082701199 | AD117: 37275999 | AG117: 0.082911151 | AH117: 40114836 | AK117: 0.076918433 | AL117: 39548718
...
